 Dungeon Crawl Stone Soup version 0.18.1-50-g88ac8fd (webtiles) character file.

106 Iflex the Ducker (level 4, -1/34 HPs)
             Began as a Merfolk Gladiator on Oct 6, 2016.
             Succumbed to kobold's curare-tipped needle
             ... on level 3 of the Dungeon.
             The game lasted 00:06:17 (2346 turns).

Iflex the Ducker (Merfolk Gladiator)                Turns: 2346, Time: 00:06:18

Health: -1/34      AC:  5    Str: 16    XL:     4   Next: 84%
Magic:  4/4        EV: 19    Int:  7    God:
Gold:   107        SH:  0    Dex: 14    Spells: 0 memorised, 3 levels left

rFire  . . .     SeeInvis .     a - +0 trident
rCold  . . .     Gourm    .     i - +0 leather armour (curse)
rNeg   . . .     Faith    .     (no shield)
rPois  .         Spirit   .     o - +1 helmet
rElec  .         Dismiss  .     (no cloak)
rCorr  .         Reflect  .     (no gloves)
SustAt .         Harm     .     (no boots)
MR     .....                    (no amulet)
Stlth  ++........               (no ring)
                                f - +5 ring of evasion

@: lethally poisoned (-1 -> -30), slowed, very slow, not resistant to hostile
enchantments, unstealthy
A: change form in water, swift swim
a: no special abilities


You were on level 3 of the Dungeon.
You were not hungry.

You visited 1 branch of the dungeon, and saw 3 of its levels.

You collected 107 gold pieces.

Inventory:

Hand Weapons
 a - a +0 trident (weapon)
Armour
 b - a +0 leather armour
 c - a +0 helmet
 i - a cursed +0 leather armour (worn)
 o - a +1 helmet (worn)
Jewellery
 f - a +5 ring of evasion (left hand)
Scrolls
 e - 3 scrolls of enchant weapon {unknown}
 g - 2 scrolls of teleportation {unknown}
 k - a scroll of identify {unknown}
 s - a scroll of random uselessness {unknown}
Potions
 h - a potion of magic {unknown}
 j - a potion of beneficial mutation {unknown}
 m - a potion of brilliance {unknown}
 n - 2 potions of lignification {unknown}
 p - 2 potions of flight {unknown}
 r - a potion of degeneration {unknown}
Comestibles
 l - 2 bread rations
 q - a chunk of flesh


   Skills:
 + Level 2.4 Fighting
 + Level 5.4 Polearms
 + Level 2.2 Throwing
 + Level 0.9 Armour
 + Level 5.4 Dodging
 + Level 1.4 Stealth


You had 3 spell levels left.
You didn't know any spells.

Dungeon Overview and Level Annotations

Branches:
Dungeon (3/15)

Altars:
Makhleb
Ru
Vehumet
Xom
Zin


Message History

You feel very sick.
Throwing (i - inventory):
d - 2 throwing nets (quivered)
Press: ? - help, Shift-Dir - straight line, f/p - kobold
Aim: a kobold, wielding a blowgun You throw a throwing net.
The throwing net closely misses the kobold.
* * * LOW HITPOINT WARNING * * *
You feel sick.
The kobold shoots a curare-tipped needle.
The curare-tipped needle hits you.
You are more poisoned.
You have difficulty breathing.
* * * LOW HITPOINT WARNING * * *
You feel as though you will be slow longer.
Throwing (i - inventory):
d - a throwing net (quivered)
Press: ? - help, Shift-Dir - straight line, f/p - kobold
Aim: a kobold, wielding a blowgun You throw a throwing net.
The throwing net hits the kobold.
The kobold is caught in the net!
You die...

######### #........
#........#########
..(..K...@((....)#
########....>...#######.#
......##........ #.#
...........##### ##.#
.†.....#..## #..#
.†....##..#### ##.##
.............# #..#
.......).....### #.##
...............######.#


You could see a kobold (caught).

Vanquished Creatures
  A worker ant (D:3)
  Robin (D:2)
  An adder (D:1)
  An ooze (D:2)
  2 worms
  3 giant geckos
  2 giant cockroaches
  9 goblins
  9 hobgoblins
  5 kobolds
  A quokka (D:1)
  6 bats
  6 rats
47 creatures vanquished.

Notes
Turn   | Place    | Note
--------------------------------------------------------------
     0 | D:1      | Iflex the Merfolk Gladiator began the quest for the Orb.
     0 | D:1      | Reached XP level 1. HP: 16/16 MP: 1/1
   463 | D:1      | Reached XP level 2. HP: 8/22 MP: 2/2
  1190 | D:2      | Reached skill level 5 in Polearms
  1190 | D:2      | Reached XP level 3. HP: 27/27 MP: 3/3
  1340 | D:2      | Noticed an angel
  1342 | D:2      | Found a glowing silver altar of Zin.
  1344 | D:2      | Found a shimmering altar of Xom.
  1408 | D:2      | Noticed Robin
  1429 | D:1      | Reached skill level 1 in Stealth
  1818 | D:2      | Killed Robin
  1818 | D:2      | Reached skill level 5 in Dodging
  1818 | D:2      | Reached XP level 4. HP: 28/34 MP: 4/4
  1934 | D:2      | Found a sacrificial altar of Ru.
  2000 | D:2      | Found a radiant altar of Vehumet.
  2270 | D:3      | Found a burning altar of Makhleb.
  2346 | D:3      | Succumbed to kobold's curare-tipped needle

Skill      XL: |  1  2  3 |
---------------+----------+-----
Polearms       | 5 |  5.4
Stealth        | 1 |  1.4
Dodging        | 5 |  5.4
Fighting       | |  2.4
Throwing       | |  2.2
Armour         | |  0.9

Action                   |  1- 3 |  4- 6 || total
-------------------------+-------+-------++-------
Melee: Trident           |   146 |    77 ||   223
Throw: Throwing net      |     5 |     3 ||     8
 Stab: Held in net/web   |     2 |       ||     2
       Sleeping          |     1 |     1 ||     2
  Eat: Chunk             |     1 |       ||     1
       Bread ration      |     1 |       ||     1
Armor: Leather armour    |    27 |     6 ||    33
Dodge: Dodged            |   116 |    71 ||   187
